 Dungeon Crawl Stone Soup version 0.22-a0-247-gbddf880757 (webtiles) character file.

326202 MrRokkomies the Fencer (level 22, -9/157 HPs)
             Began as a Halfling Abyssal Knight on Feb 21, 2018.
             Was the Champion of Lugonu.
             Mangled by a vault warden
             ... wielding a +0 battleaxe of chopping
              (10 damage)
             ... on level 4 of the Vaults on Feb 27, 2018.
             The game lasted 03:27:56 (44340 turns).

MrRokkomies the Fencer (Halfling Abyssal Knight)   Turns: 44340, Time: 03:27:57

Health: -9/157     AC: 23    Str: 18    XL:     22   Next: 61%
Magic:  31/31      EV: 28    Int: 20    God:    Lugonu [******]
Gold:   1929       SH: 15    Dex: 24    Spells: 10/21 levels left

rFire    + . .     SeeInvis .   y - +8 demon blade of Precise Incision {vamp, rC- rN++ Int+5}
rCold    + . .     Gourm    .   T - +0 shield {reflect}
rNeg     + + .     Faith    .   R - +5 ring mail "Comm" {rF+ Dex+7}
rPois    +         Spirit   .   x - +1 hat
rElec    .         Reflect  +   Q - +2 cloak {MR+}
rCorr    .         Harm     .   D - +1 pair of gloves
MR       ++++.                  w - +1 pair of boots of the Thirteen Ships {rC++}
Stlth    +.........             S - amulet of regeneration
HPRegen  0.76/turn              K - ring of the Mage {Wiz MR++ Int+3}
MPRegen  0.22/turn              G - ring of poison resistance

@: studying Charms
A: small, mutation resistance 1
}: 2/15 runes: decaying, gossamer
a: Depart the Abyss, Bend Space, Banish, Corrupt, Enter the Abyss, Brand Weapon
With Distortion, Renounce Religion


You were on level 4 of the Vaults.
You worshipped Lugonu.
Lugonu was exalted by your worship.
You were hungry.

You visited 6 branches of the dungeon, and saw 35 of its levels.
You visited the Abyss 2 times.
You also visited: Labyrinth and Ice Cave.

You collected 3961 gold pieces.
You spent 2032 gold pieces at shops.

Inventory:

Hand Weapons
 a - a +4 scimitar of flaming
 b - the +8 hunting sling "Ufasuo" {venom, rElec rN+ MR-}
   (You found it on level 2 of the Abyss)

   It poisons the ammo it fires.
   It insulates you from electricity.
   It protects you from negative energy.
   It affects your resistance to hostile enchantments.
 y - the +8 demon blade of Precise Incision (weapon) {vamp, rC- rN++ Int+5}
   (You acquired it on level 2 of the Swamp)

   It inflicts no extra harm, but heals its wielder when it wounds a living foe.
   It affects your intelligence (+5).
   It makes you vulnerable to cold.
   It greatly protects you from negative energy.
 X - a +0 blowgun
Missiles
 f - 263 sling bullets
 i - 186 stones (quivered)
 A - 4 throwing nets
 N - 21 curare-tipped needles
Armour
 h - the +0 pair of boots of the Heavens {Regen+ rCorr SInv}
   (You found it on level 5 of the Dungeon)

   It lets you see invisible.
   It increases your rate of regeneration.
   It protects you from acid and corrosion.
 v - a +2 shield
 w - the +1 pair of boots of the Thirteen Ships (worn) {rC++}
   (You bought it in a shop on level 12 of the Dungeon)

   It greatly protects you from cold.
 x - a +1 hat (worn)
 D - a +1 pair of gloves (worn)
 Q - a +2 cloak of magic resistance (worn)
 R - the +5 ring mail "Comm" (worn) {rF+ Dex+7}
   (You found it in a labyrinth)

   It affects your dexterity (+7).
   It protects you from fire.
 T - a +0 shield of reflection (worn)
Jewellery
 g - an uncursed ring of protection from cold
 G - a ring of poison resistance (right hand)
 K - the ring of the Mage (left hand) {Wiz MR++ Int+3}
   (You found it on level 2 of the Lair of Beasts)

   [ring of wizardry]

   It improves your spell success rate.
   It affects your intelligence (+3).
   It affects your resistance to hostile enchantments.
 S - an amulet of regeneration (around neck)
Wands
 e - a wand of iceblast (36)
 z - a wand of acid (23)
 F - a wand of enslavement (10)
 P - a wand of paralysis (43)
 Y - a wand of digging (4)
Scrolls
 j - 11 scrolls of teleportation
 l - 5 scrolls of fog
 p - a scroll of identify
 t - a scroll of enchant weapon
 u - a scroll of silence
 B - 12 scrolls of remove curse
 C - a scroll of enchant armour
 E - 5 scrolls of immolation
 H - 4 scrolls of magic mapping
 I - 2 scrolls of amnesia
 O - a scroll of fear
Potions
 d - a potion of heal wounds
 k - 8 potions of ambrosia
 m - 6 potions of flight
 n - a potion of invisibility
 o - 4 potions of cancellation
 q - 3 potions of berserk rage
 r - a potion of resistance
 J - 5 potions of might
 L - 2 potions of haste
 M - 5 potions of curing
 V - 2 potions of agility
Books
 U - a manual of Charms
Miscellaneous
 s - a phial of floods
 W - a lamp of fire
 Z - a lightning rod (4/4)
Comestibles
 c - 44 rations


   Skills:
 - Level 15.0 Fighting
 - Level 16.0 Long Blades
 - Level 12.9(13.0) Slings
 - Level 1.0(6.0) Throwing
 - Level 15.1 Armour
 - Level 15.0 Dodging
 - Level 15.0 Shields
 * Level 11.5 Charms
 * Level 3.6 Air Magic
 - Level 13.1 Invocations
 - Level 10.0 Evocations


You had 10 spell levels left.
You knew the following spells:

 Your Spells              Type           Power        Failure   Level  Hunger
a - Apportation           Tloc           #.....       21%         1    ##.....
b - Summon Lightning Spi  Summ/Air       #.......     65%         4    #####..
c - Deflect Missiles      Chrm/Air       ####......   77%         6    #######


Dungeon Overview and Level Annotations

Branches:
Dungeon (15/15)            Temple (0/1) D:5            Lair (6/6) D:11
  Swamp (4/4) Lair:3       Spider (4/4) Lair:3        Slime (0/5) Lair:6
    Orc (2/2) D:9             Elf (0/3) Orc:2        Vaults (4/5) D:13
  Crypt (0/3) Vaults:3     Depths (0/5) D:15

Altars:
Ashenzari
Cheibriados
Dithmenos
Hepliaklqana
Kikubaaqudgha
Makhleb
Okawaru
Qazlal
Ru
Uskayaw
Vehumet
Wu Jian
Xom
The Shining One
Beogh

Shops:
D:4 %   D:12 [   D:13 (   Orc:1 *%*   Orc:2 }*}?   Vaults:3 %   Vaults:4 :

Annotations:
D:13 corrupted
Abyss:1 Arachne, Urug


Innate Abilities, Weirdness & Mutations

You are small and have problems with some larger weapons.
You are somewhat resistant to further mutation.


Message History

The vault warden is almost dead.
The yaktaur completely misses you.
You barely miss the vault warden.
The vault warden is almost dead.
The vault warden hits you with a battleaxe of chopping!!
* * * LOW HITPOINT WARNING * * *
x2 You block the yaktaur's attack.
You hit the vault warden but do no damage.
The vault warden is almost dead.
You closely miss the vault warden.
The vault warden is almost dead.
You block the vault warden's attack. The yaktaur completely misses you.
You hit the vault warden.
You feel better.
The vault warden is almost dead.
You hit the vault warden.
You feel better.
The vault warden is almost dead.
The yaktaur hits you but does no damage.
The vault warden hits you with a battleaxe of chopping!!
* * * LOW HITPOINT WARNING * * *
You die...

#...############...###)#####..
#..(# ...#...##.)## #.. #..)#
.(.#...###..## #..
#...#########..#...# ##..###..
#...#..#....#..#...# ##..##..
#...#..'....+..#...# ##..#..
#...'..'....+..#...# ##.#..
#...#..#....#()#...# ###..
#...#########@p#...#########..
#..(# #.....c.#..............
#...# #>......#..............
#...############..............
#.....).......................
#.............................
#######'######################
#....)........# #..
#.....###.....# #..


You could see a vault warden and a yaktaur.

Vanquished Creatures
  Sojobo (Vaults:3)
  Asterion (Vaults:2)
  A lich (Vaults:3)
  A sphinx (Vaults:2)
  Gastronok (D:9)
  Frances (D:13)
  The ghost of greentea the Severer, an adept MiBe of Trog (Spider:3)
  2 tengu reavers (Vaults:3)
  Donald (Vaults:3)
  Roxanne (D:14)
  A storm dragon (Vaults:3)
  A shadow dragon (Vaults:3)
  A fire giant (Vaults:2)
  A deep elf sorcerer (Vaults:2)
  4 frost giants
  4 emperor scorpions (Spider:4)
  14 vault wardens
  3 ghost moths
  Louise (Swamp:3)
  Aizul (Spider:1)
  18 ironheart preservers
  A stone giant (Vaults:2)
  7 entropy weavers
  2 deep elf demonologists (Vaults:3)
  Nessos (D:14)
  A deep elf annihilator (Vaults:3)
  A minotaur (Lab)
  2 great orbs of eyes
  8 yaktaur captains
  6 fire dragons
  Erolcha (Orc:1)
  Harold (Lair:3)
  3 ice dragons
  A rakshasa (Vaults:3)
  16 hydras
  11 vault guards
  2 catoblepae
  7 centaur warriors
  8 alligators
  28 two-headed ogres
  A deep troll earth mage (Vaults:2)
  8 ogre magi
  15 death yaks
  The ghost of motoroller71 the Slicer, a novice HuFi of Makhleb (D:11)
  9 deep elf knights
  2 fire crabs
  2 shadow wraiths (Vaults:4)
  A spriggan druid (Swamp:2)
  10 swamp dragons
  2 unseen horrors (shapeshifter)
  A glowing orange brain (shapeshifter) (D:15)
  2 flayed ghosts
  10 deep trolls
  2 unseen horrors
  4 deep elf archers
  5 wizards
  2 lindwurms
  15 orc knights
  A necromancer (Vaults:3)
  11 ironbrand convokers
  The ghost of Fuhrer the Cleaver, a novice DDFi (D:6)
  4 harpies (Vaults:1)
  15 orb spiders
  4 orc sorcerers
  A wolf spider zombie (D:14)
  A tengu skeleton (Vaults:3)
  23 ugly things
  34 wolf spiders
  7 deep elf magi
  6 cyclopes
  3 manticores
  4 elephants (Lair:4)
  3 centaur zombies
  6 moths of wrath
  14 vault sentinels
  Maurice (D:11)
  2 gargoyles
  A guardian serpent (Lair:6)
  7 black mambas
  5 centaur skeletons
  A torpor snail (Lair:2)
  An ice statue (IceCv)
  7 komodo dragons
  21 spiny frogs
  A yaktaur (shapeshifter) (Vaults:4)
  2 kobold demonologists
  5 freezing wraiths
  5 rime drakes
  A minotaur skeleton (Lab)
  31 yaktaurs
  5 demonic crawlers
  An efreet (D:14)
  17 polar bears
  A troll (shapeshifter) (Vaults:1)
  3 tengu conjurers
  55 jumping spiders
  2 tengu simulacra
  8 trolls
  2 meliai (D:13)
  2 jumping spiders (shapeshifter)
  A shadow dragon simulacrum (Vaults:3)
  13 hornets
  A meliai (shapeshifter) (Vaults:4)
  5 tyrant leeches
  4 dream sheep (Lair:6)
  33 slime creatures
  4 bog bodies
  12 blink frogs
  An ettin zombie (Vaults:3)
  A stone giant simulacrum (Vaults:1)
  2 human simulacra (Vaults:3)
  13 hippogriffs
  Sigmund (D:2)
  9 spriggans
  3 wraiths
  37 tarantellas
  104 redbacks
  A vampire (D:14)
  14 wyverns
  3 shadows
  8 basilisks
  A hog (shapeshifter) (D:15)
  A fire elemental (Swamp:4)
  50 yaks
  Grum (D:9)
  16 vampire mosquitoes
  3 chaos spawn (D:12)
  4 hungry ghosts
  3 steam dragons
  11 insubstantial wisps (Swamp:2)
  9 wargs
  23 swamp worms
  2 acid dragons
  32 water moccasins
  5 porcupines
  15 swamp drakes
  50 orc warriors
  2 phantoms
  5 sky beasts
  2 black bears
  A black bear (shapeshifter) (D:15)
  An eye of draining (D:15)
  7 ice beasts
  10 wolves
  14 boggarts
  8 centaurs
  26 ogres
  19 crocodiles
  3 big kobolds
  19 bullfrogs
  A bullfrog (shapeshifter) (Vaults:3)
  A wyvern skeleton (D:14)
  4 scorpions
  6 killer bees
  8 wights
  3 howler monkeys
  4 electric eels
  6 jellies
  A lava snake (Swamp:4)
  7 crimson imps
  3 bullfrog zombies
  4 bullfrog skeletons
  13 orc priests
  7 hounds
  14 orc wizards
  5 iguanas
  Ijyb (D:4)
  16 worker ants
  A hound zombie (D:6)
  5 hound skeletons
  3 gnolls (D:5)
  A howler monkey skeleton (D:5)
  A worker ant zombie (D:8)
  13 adders
  A shadow imp (D:11)
  An ooze (Lair:6)
  4 worms
  A dart slug (D:2)
  7 leopard geckos
  85 orcs
  12 bats
  9 giant cockroaches
  8 hobgoblins
  7 jackals
  5 quokkas
  2 ball pythons
  2 frilled lizards (D:2)
  7 goblins
  26 kobolds
  2 quokka skeletons (D:4)
  5 rats
  A fungus (Lair:4)
  A plant (D:6)
1511 creatures vanquished.

Vanquished Creatures (collateral kills)
  An ogre mage (Vaults:1)
  A tarantella (Spider:3)
  An ogre (Vaults:1)
3 creatures vanquished.

Vanquished Creatures (others)
  An eldritch tentacle (Swamp:3)
  The ghost of Xeas the Imperceptible, an adept SpEn of Dithmenos (Vaults:2)
  4 emperor scorpions
  An entropy weaver (Vaults:4)
  An ettin (Vaults:3)
  A yaktaur captain (Vaults:1)
  4 vault guards (D:13)
  5 hydras
  An ogre mage (Vaults:1)
  An unseen horror (D:13)
  A swamp dragon (Swamp:4)
  An ironbrand convoker (Vaults:3)
  A deep elf archer (Vaults:3)
  3 slime creatures
  A centaur skeleton (D:13)
  2 ice devils (Orc:2)
  A yaktaur (Vaults:4)
  A meliai (D:13)
  A bog body (Swamp:3)
  A hornet (Lair:6)
  A hippogriff (D:13)
  A shadow (D:13)
  2 steam dragons (Swamp:4)
  A swamp worm (Swamp:3)
  7 swamp drakes
  3 orc warriors
  An ogre (Vaults:4)
  A boggart (Vaults:2)
  A bullfrog (D:13)
  A scorpion (D:13)
  A howler monkey (D:13)
  2 jellies (D:13)
  A bush (Lair:6)
  14 fungi (Lair:6)
  47 plants (Lair:6)
117 creatures vanquished.

Grand Total: 1631 creatures vanquished

Notes
Turn   | Place    | Note
-------+----------+-------------------------------------------
     0 | Abyss:1  | MrRokkomies the Halfling Abyssal Knight began the quest for the Orb.
     0 | Abyss:1  | Reached XP level 1. HP: 15/15 MP: 2/2
    35 | Abyss:2  | Got a crude hunting sling
    41 | Abyss:2  | Noticed an angel
    43 | D:1      | Escaped the Abyss
    44 | D:1      | Identified the +8 hunting sling "Ufasuo" {venom, rElec rN+ MR-} (You found it on level 2 of the Abyss)
   174 | D:1      | Reached XP level 2. HP: 20/20 MP: 3/3
   194 | D:1      | Reached skill level 1 in Throwing
   318 | D:1      | Reached skill level 1 in Slings
   354 | D:1      | Reached * piety under Lugonu
   422 | D:1      | Reached XP level 3. HP: 25/25 MP: 4/4
   905 | D:2      | Noticed Sigmund
   908 | D:2      | Killed Sigmund
   908 | D:2      | Reached skill level 4 in Long Blades
   908 | D:2      | Reached XP level 4. HP: 20/30 MP: 3/5
   908 | D:2      | Reached XP level 5. HP: 24/35 MP: 3/6
   962 | D:2      | Found an ancient bone altar of Kikubaaqudgha.
   980 | D:2      | Noticed a dagger
   980 | D:2      | Noticed a dagger
   985 | D:2      | Found a hide-covered altar of Uskayaw.
  1091 | D:2      | Reached skill level 5 in Slings
  1091 | D:2      | Reached XP level 6. HP: 41/41 MP: 7/7
  1236 | D:2      | Found a shadowy altar of Dithmenos.
  1296 | D:2      | Reached skill level 1 in Shields
  1615 | D:3      | Reached ** piety under Lugonu
  2223 | D:3      | Reached skill level 5 in Long Blades
  2248 | D:3      | Reached XP level 7. HP: 45/45 MP: 8/8
  2366 | D:3      | Found a shimmering altar of Xom.
  2599 | D:4      | Found a radiant altar of Vehumet.
  2670 | D:4      | Noticed Ijyb
  2674 | D:4      | Killed Ijyb
  2716 | D:4      | Found Pyophap's Food Emporium.
  2876 | D:4      | Reached skill level 6 in Long Blades
  2994 | D:4      | Reached *** piety under Lugonu
  3176 | D:5      | Entered Level 5 of the Dungeon
  3203 | D:5      | Reached XP level 8. HP: 51/51 MP: 9/9
  3223 | D:5      | Reached skill level 5 in Shields
  3228 | D:5      | Got a pair of faintly glowing boots
  3416 | D:5      | You fall through a shaft!
  3502 | D:5      | Found a staircase to the Ecumenical Temple.
  3622 | D:5      | Found a stormy altar of Qazlal.
  3660 | D:5      | Reached skill level 7 in Long Blades
  3779 | D:5      | Found an iron altar of Okawaru.
  3779 | D:5      | Found a sacrificial altar of Ru.
  4006 | D:5      | Identified the cursed +0 pair of boots of the Heavens {Regen+ rCorr SInv} (You found it on level 5 of the Dungeon)
  4058 | D:6      | Reached XP level 9. HP: 55/55 MP: 10/10
  4270 | D:6      | Found a glowing golden altar of the Shining One.
  4328 | D:6      | Reached skill level 8 in Long Blades
  4331 | D:6      | Noticed Fuhrer's ghost (novice DDFi)
  4356 | D:6      | Killed Fuhrer's ghost
  4803 | D:7      | Reached **** piety under Lugonu
  4803 | D:7      | Reached skill level 9 in Long Blades
  5079 | D:7      | Found a snail-covered altar of Cheibriados.
  5079 | D:7      | Found a hazy altar of Hepliaklqana.
  5390 | D:8      | Reached XP level 10. HP: 56/61 MP: 9/11
  5493 | D:8      | Reached skill level 10 in Long Blades
  5676 | D:8      | Reached skill level 5 in Invocations
  5836 | D:8      | Noticed a two-headed ogre
  5856 | D:8      | Killed a two-headed ogre
  6085 | D:9      | Reached skill level 5 in Fighting
  6124 | D:9      | Reached ***** piety under Lugonu
  6160 | D:9      | Found a staircase to the Orcish Mines.
  6385 | D:9      | Noticed Gastronok
  6391 | D:9      | Reached XP level 11. HP: 72/72 MP: 16/16
  6413 | D:9      | Killed Gastronok
  6615 | D:9      | Found a burning altar of Makhleb.
  6652 | D:9      | Noticed Grum
  6676 | D:9      | Killed Grum
  7334 | D:10     | Entered Level 10 of the Dungeon
  8173 | D:11     | Noticed motoroller71's ghost (novice HuFi)
  8201 | D:11     | Killed motoroller71's ghost
  8201 | D:11     | Reached skill level 10 in Invocations
  8295 | D:11     | Reached XP level 12. HP: 82/82 MP: 19/19
  8459 | D:11     | Noticed a two-headed ogre
  8462 | D:11     | Noticed a two-headed ogre
  8490 | D:11     | Killed a two-headed ogre
  8492 | D:11     | Killed a two-headed ogre
  8608 | D:11     | Found a staircase to the Lair.
  8935 | D:11     | Noticed Maurice
  8961 | D:11     | Paralysed by something for 6 turns
  8981 | D:11     | Paralysed by Maurice for 7 turns
  9137 | D:11     | Killed Maurice
  9137 | D:11     | Reached skill level 5 in Armour
  9272 | D:12     | Found a labyrinth entrance.
  9281 | Lab      | Entered a labyrinth
  9414 | Lab      | Noticed a minotaur
  9429 | Lab      | Killed a minotaur
  9518 | Lab      | Got a heavily runed ring mail
  9555 | D:12     | Identified the +5 ring mail "Comm" {rF+ Dex+7} (You found it in a labyrinth)
  9702 | D:12     | Found Qioshresh's Antique Armour Shop.
  9712 | D:12     | Bought a pair of faintly humming boots for 247 gold pieces
  9723 | D:12     | Identified the +1 pair of boots of the Thirteen Ships {rC++} (You bought it in a shop on level 12 of the Dungeon)
  9778 | D:12     | Noticed a two-headed ogre
  9786 | D:12     | Killed a two-headed ogre
  9803 | D:12     | Reached skill level 10 in Slings
  9816 | D:12     | Found the -2 mace of Variability {chaos}
  9943 | D:12     | Found a shimmering altar of Xom.
 10145 | D:12     | Reached XP level 13. HP: 85/88 MP: 20/20
 10583 | Lair:1   | Entered Level 1 of the Lair of Beasts
 11437 | Lair:1   | You fall through a shaft!
 11478 | Lair:2   | Reached skill level 1 in Evocations
 11485 | Lair:2   | Reached skill level 10 in Armour
 11745 | Lair:2   | Noticed a four-headed hydra
 11770 | Lair:2   | Banished a four-headed hydra
 11828 | Lair:2   | Found the ring of the Mage {Wiz MR++ Int+3}
 12429 | Lair:3   | Noticed Harold
 12444 | Lair:3   | Killed Harold
 12785 | Lair:3   | Noticed an eight-headed hydra
 12787 | Lair:3   | Banished an eight-headed hydra
 12863 | Lair:3   | Found a staircase to the Swamp.
 12926 | Lair:3   | Reached skill level 5 in Evocations
 12939 | Lair:3   | Reached XP level 14. HP: 93/94 MP: 21/21
 12973 | Lair:3   | Found a hole to the Spider Nest.
 13861 | Lair:4   | Reached ****** piety under Lugonu
 14844 | Lair:5   | Reached skill level 10 in Fighting
 15265 | Lair:6   | Entered Level 6 of the Lair of Beasts
 15541 | Lair:6   | Paralysed by a hornet for 3 turns
 15545 | Lair:6   | Upgraded the game from 0.22-a0-238-gd711f9382e to 0.22-a0-247-gbddf880757
 15825 | Lair:6   | Reached XP level 15. HP: 82/105 MP: 20/22
 16230 | Lair:6   | Found a staircase to the Slime Pits.
 16237 | Lair:6   | Reached skill level 10 in Evocations
 16721 | Lair:6   | Reached skill level 5 in Dodging
 16758 | Lair:6   | Reached skill level 10 in Shields
 18227 | Orc:1    | Entered Level 1 of the Orcish Mines
 18318 | Orc:1    | Found Jetopuq's Assorted Antiques.
 18339 | Orc:1    | Found Doulal's Food Boutique.
 18460 | Orc:1    | Bought a ruby potion for 15 gold pieces
 18460 | Orc:1    | Bought a worn bronze wand for 68 gold pieces
 18460 | Orc:1    | Bought a potion of heal wounds for 85 gold pieces
 18537 | Orc:1    | Found Minamus's General Store.
 18539 | Orc:1    | Noticed Erolcha
 18549 | Orc:1    | Killed Erolcha
 18702 | Orc:1    | You fall through a shaft!
 18702 | Orc:2    | Entered Level 2 of the Orcish Mines
 18742 | Orc:2    | Found a frozen archway.
 18812 | IceCv    | Entered an ice cave
 19229 | IceCv    | Noticed a frost giant
 19241 | IceCv    | Killed a frost giant
 19241 | IceCv    | Reached XP level 16. HP: 99/111 MP: 19/24
 19705 | Orc:2    | Found a staircase to the Elven Halls.
 20156 | Orc:2    | Found Affy's Gadget Shop.
 20715 | Orc:2    | Found Ylunoxke's Assorted Antiques.
 20772 | Orc:2    | Found a roughly hewn altar of Beogh.
 20783 | Orc:2    | Found Ruclagg's Magic Scroll Shoppe.
 20783 | Orc:2    | Found Fupn's Gadget Shop.
 20804 | Orc:2    | Bought a lamp of fire for 560 gold pieces
 20804 | Orc:2    | Bought a sack of spiders for 280 gold pieces
 20804 | Orc:2    | Bought a phial of floods for 560 gold pieces
 20955 | Orc:2    | Bought a runed hat for 217 gold pieces
 21567 | D:13     | Noticed Frances
 21589 | D:13     | Killed Frances
 21910 | D:13     | Found Ciluda's Weapon Emporium.
 21961 | D:13     | Found a gate to the Vaults.
 21962 | D:13     | Corrupted D:13
 22306 | D:14     | Found a shattered altar of Ashenzari.
 22355 | D:14     | Reached skill level 10 in Dodging
 22571 | D:14     | Noticed Nessos
 22587 | D:14     | Killed Nessos
 22711 | D:14     | Noticed Roxanne
 22778 | D:14     | Killed Roxanne
 22779 | D:14     | Identified Roxanne's Grimoire of Shape Shifting (You took it off Roxanne on level 14 of the Dungeon)
 22981 | D:14     | Found an ornate altar of the Wu Jian Council.
 23312 | D:15     | Entered Level 15 of the Dungeon
 23321 | D:15     | Noticed Urug
 23350 | D:15     | Banished Urug
 23943 | D:15     | Found a shattered altar of Ashenzari.
 24285 | D:15     | Found a staircase to the Depths.
 24539 | D:15     | Reached XP level 17. HP: 113/119 MP: 26/26
 24589 | D:15     | Reached skill level 11 in Long Blades
 25095 | Swamp:1  | Entered Level 1 of the Swamp
 26320 | Swamp:2  | Reached skill level 12 in Long Blades
 26501 | Swamp:2  | Identified a scroll of acquirement
 26502 | Swamp:2  | Got a jewelled demon blade
 26864 | Swamp:3  | Noticed Louise
 26894 | Swamp:3  | Killed Louise
 28140 | Swamp:4  | Entered Level 4 of the Swamp
 28319 | Swamp:4  | Reached skill level 13 in Long Blades
 28476 | Swamp:3  | HP: 4/123 [two-headed hydra (7)]
 28479 | Swamp:3  | Reached XP level 18. HP: 6/129 MP: 18/27
 29521 | Swamp:4  | Got a decaying rune of Zot
 29662 | Spider:1 | Entered Level 1 of the Spider Nest
 29899 | Spider:1 | Noticed Aizul
 29925 | Spider:1 | Killed Aizul
 30293 | Spider:1 | Reached skill level 14 in Long Blades
 31348 | Spider:2 | Identified the +8 demon blade of Precise Incision {vamp, rC- rN++ Int+5} (You acquired it on level 2 of the Swamp)
 32295 | Spider:2 | Reached skill level 15 in Fighting
 32574 | Spider:3 | Noticed greentea's ghost (adept MiBe)
 32642 | Spider:3 | Killed greentea's ghost
 32642 | Spider:3 | Reached XP level 19. HP: 38/139 MP: 21/28
 33039 | Spider:3 | Reached skill level 15 in Long Blades
 33455 | Spider:3 | Found the cursed +14 obsidian axe {chop, +Fly SInv *Curse}
 33705 | Spider:4 | Entered Level 4 of the Spider Nest
 33903 | Spider:4 | Noticed Arachne
 33916 | Spider:4 | Banished Arachne
 34594 | Spider:4 | Reached skill level 16 in Long Blades
 34713 | Spider:4 | Got a gossamer rune of Zot
 35513 | Vaults:1 | Entered Level 1 of the Vaults
 35615 | Abyss:1  | HP: 4/139 [tentacled starspawn (15)]
 35619 | Vaults:1 | Escaped the Abyss
 35636 | Vaults:1 | HP: 6/139 [ogre/giant spiked club[an ironheart preserver] (4)]
 36045 | Vaults:1 | Reached XP level 20. HP: 112/145 MP: 29/29
 37500 | Vaults:2 | Noticed Asterion
 37548 | Vaults:2 | Killed Asterion
 37822 | Vaults:2 | Noticed Xeas's ghost (adept SpEn)
 37882 | Vaults:2 | Banished Xeas's ghost
 38060 | Vaults:2 | Reached skill level 15 in Dodging
 38221 | Vaults:2 | Reached XP level 21. HP: 151/151 MP: 30/30
 39217 | Vaults:2 | Learned a level 1 spell: Apportation
 39222 | Vaults:2 | Learned a level 4 spell: Summon Lightning Spire
 39229 | Vaults:2 | Learned a level 6 spell: Deflect Missiles
 39298 | Vaults:3 | Found Lidady's Food Emporium.
 39596 | Vaults:3 | Reached skill level 15 in Shields
 41265 | Vaults:3 | Reached skill level 1 in Charms
 41288 | Vaults:3 | HP: 6/151 [tengu reaver/bolt of lightning[Sojobo] (30)]
 41478 | Vaults:3 | Noticed Donald
 41498 | Vaults:3 | Killed Donald
 41937 | Vaults:3 | Reached skill level 5 in Charms
 41995 | Vaults:3 | Noticed Sojobo
 42263 | Vaults:3 | Found a staircase to the Crypt.
 42283 | Vaults:3 | Noticed a Tzitzimitl
 42286 | Vaults:3 | Reached XP level 22. HP: 112/157 MP: 31/31
 42659 | Vaults:3 | Killed Sojobo
 43200 | Vaults:4 | Reached skill level 15 in Armour
 43362 | Vaults:4 | Reached skill level 10 in Charms
 43415 | Vaults:4 | Found Ocoev's Book Boutique.
 43448 | Vaults:4 | Reached skill level 1 in Air Magic
 44340 | Vaults:4 | HP: 1/157 [vault warden/battleaxe of chopping (35)]
 44340 | Vaults:4 | Mangled by a vault warden

Vault maps used:
D:1:      scummos_arrival_simple_fountains, bh_walls_and_bars
D:2:      kiku_gazebo_pond_becter, dancing_weapons_uskayaw,
          grunt_dithmenos_smoke, minivault_14, nrook_mini_vaults, uniq_sigmund
D:3:      kb_forest_paths, led_xom_imps
D:4:      vehumet_altar_wand_db, serial_shops,
          nicolae_shop_competitors_out_of_business, uniq_ijyb
D:5:      gammafunk_temple_overflow_elements, lemuel_doored_altar,
          minmay_temple_entry_mist, first_ration, grunt_decor_resistance
D:6:      tso_oasis_becter, minmay_misc_feat_cross, minmay_door_square
D:7:      gammafunk_temple_overflow_pools
D:8:      the_bakery
D:9:      makhleb_grotto_becter, david_orc_1_choice, uniq_grum, uniq_gastronok
D:11:     lair_entry_dummy, hangedman_decor_push, uniq_maurice
D:12:     serial_shops, shop, lab_entry_generic,
          minmay_guarded_unrand_variability
D:13:     lightli_vaults_fourway_checkpoint, serial_shops,
          nicolae_shop_statue_plus, uniq_frances
D:14:     ashenzari_altar_1, basic_altar, uniq_roxanne, uniq_nessos
D:15:     gammafunk_enter_depths_forms, serial_co_window_serial,
          co_window_cross_1, co_window_paths_a, co_window_of_opportunity_a,
          co_window_paths_a, co_window_paths_a, co_window_of_opportunity_b,
          co_window_paths_c, co_window_unsneaky_path_e, co_window_broadway_b,
          co_window_broadway_b, co_window_paths_e, co_window_paths_d,
          glass_columns_a, glass_columns_c, glass_columns_a,
          lemuel_statue_altar, uniq_urug
Lair:1:   grunt_megastairs_4, serial_bayou_shore_a
Lair:2:   minivault_25, grunt_megastairs_2
Lair:3:   minmay_swamp_entry_reptiles, nicolae_spider_entry_orb_guardian,
          grunt_megastairs_1, uniq_harold
Lair:5:   minivault_11, lookout_lair_type
Lair:6:   hangedman_lair_tendril_chambers, guppyfry_lair_end_dragon,
          nicolae_slime_entry_slimehenge
Swamp:1:  serial_swamp_ruin, evilmike_swamp_ruin_house_2,
          evilmike_swamp_ruin_house_1
Swamp:2:  evilmike_swamp_ruin_house_4
Swamp:3:  evilmike_swamp_ruin_rubble_1, uniq_louise
Swamp:4:  swamp_fiery
Spider:1: guppyfry_spider_mini_3, uniq_aizul
Spider:2: spider_trap, guppyfry_spider_mini_1
Spider:3: hangedman_spider_tarantella_strand
Spider:4: grunt_spider_rune_circles, uniq_arachne
Orc:1:    serial_shops, shop_fountains, nicolae_shop_waterfront,
          nicolae_shop_overgrown_old_shop, nicolae_orc_rockfall, uniq_erolcha
Orc:2:    st_orc_town, portal_ice_cave_demonic_guard
Vaults:1: hangedman_vaults_river_flow, v_misc_3,
          ontoclasm_vaults_decontamination, vaults_room_hallway,
          vaults_room_grunt_arrival_ludios, hangedman_vaults_stagger,
          nicolae_vaults_windows_and_doors_thing, grunt_vaults_hallway_short
Vaults:2: vaults_mumra_hexcomb, v_misc_28, v_misc_18, nicolae_vaults_rhombus_5,
          nicolae_vaults_rhombus_5, v_misc_8, vaults_mumra_minichess,
          vaults_room_glass_cross, uniq_asterion
Vaults:3: dpeg_vaults_monster_row, minmay_crypt_entry_nasty_monster,
          hangedman_vaults_hat, nicolae_vaults_what_the_h, v_alt_pattern_2,
          vaults_room_guarded_vault, v_alt_pattern_6,
          nicolae_vaults_circle_grid_b, vaults_room_corners,
          grunt_vaults_hallway_long, serial_shops, shop_fountains, uniq_donald,
          uniq_sojobo
Vaults:4: nicolae_vaults_network_star, v_misc_29, vaults_dpeg_diagonal,
          v_pattern_2, nicolae_vaults_little_ls, grunt_vaults_focal,
          nicolae_vaults_alarming, vaults_room_hallway, vaults_room_door_hall,
          nicolae_vaults_rhombus_7, ontoclasm_vaults_loading_screen,
          serial_shops, nicolae_shop_behind_doors
Lab:      labyrinth_spiral, nicolae_lab_blocks, labyrinth_skeletal_remains,
          labyrinth_lava_lair
IceCv:    ice_cave_small_giant

Skill      XL: |  1  2  3  4  5  6  7  8  9 10 11 12 13 14 15 16 17 18 19 20 21 22 |
---------------+-------------------------------------------------------------------+-----
Throwing       | 1 |  1.0
Slings         | 1 4 5 11 12 | 12.9
Long Blades    | 4 5 6 7 9 10 13 14 16 | 16.0
Shields        | 2 4 6 9 10 11 13 15 | 15.0
Invocations    | 7 10 11 13 | 13.1
Fighting       | 5 8 10 11 13 15 | 15.0
Armour         | 7 11 14 15 | 15.1
Evocations     | 5 9 10 | 10.0
Dodging        | 8 10 13 15 | 15.0
Charms         | 6 11 | 11.5
Air Magic      | 3 |  3.6

Action                   |  1- 3 |  4- 6 |  7- 9 | 10-12 | 13-15 | 16-18 | 19-21 | 22-24 || total
-------------------------+-------+-------+-------+-------+-------+-------+-------+-------++-------
Melee: Falchion          |    52 |    29 |       |       |       |       |       |       ||    81
       Long sword        |       |    47 |    96 |    27 |    45 |       |       |       ||   215
       Hunting sling     |       |       |       |       |     1 |       |       |       ||     1
       Scimitar          |       |       |       |       |       |   375 |    93 |       ||   468
       Demon blade       |       |       |       |       |       |       |  1655 |   511 ||  2166
 Fire: Hunting sling     |     2 |    53 |   240 |   668 |  1709 |  2469 |   694 |       ||  5835
Throw: Throwing net      |       |       |       |     2 |     1 |       |     1 |       ||     4
Invok: Depart the Abyss  |     1 |       |       |       |       |       |     1 |       ||     2
       Banish            |       |       |       |     4 |    11 |    17 |     9 |     1 ||    42
       Bend Space        |       |       |       |     1 |     8 |     6 |       |     1 ||    16
       Corrupt           |       |       |       |       |       |     1 |       |       ||     1
       Enter the Abyss   |       |       |       |       |       |       |     1 |       ||     1
Evoke: Wand              |       |       |       |       |     5 |     1 |    15 |       ||    21
       Lightning rod     |       |       |       |       |     3 |       |     8 |       ||    11
       Lamp of fire      |       |       |       |       |       |     2 |     2 |       ||     4
       Sack of spiders   |       |       |       |       |       |     3 |       |       ||     3
       Phial of floods   |       |       |       |       |       |       |     1 |       ||     1
  Use: Scroll            |     5 |       |     7 |    11 |    14 |     9 |    11 |     2 ||    59
       Potion            |       |       |       |     2 |     3 |     3 |     4 |     2 ||    14
 Stab: Sleeping          |     1 |     1 |       |       |       |       |       |       ||     2
       Distracted        |       |       |       |       |       |     3 |       |       ||     3
       Confused          |       |       |       |       |       |       |     1 |       ||     1
  Eat: Chunk             |       |     4 |     9 |    15 |    23 |    15 |    17 |     5 ||    88
       Ration            |       |       |     1 |     2 |     2 |     9 |     7 |       ||    21
Armor: Leather armour    |     3 |       |       |       |       |       |       |       ||     3
       Ring mail         |    18 |    11 |       |    18 |   238 |   381 |   370 |    65 ||  1101
       Scale mail        |       |    19 |    38 |       |       |       |       |       ||    57
       Chain mail        |       |       |    17 |   164 |       |       |       |       ||   181
Dodge: Dodged            |    50 |    37 |    39 |    90 |   229 |   942 |  1303 |   238 ||  2928
Block: Shield            |       |    38 |    56 |   221 |   349 |   864 |  1388 |   267 ||  3183
       Reflection        |       |       |       |       |       |       |     8 |    14 ||    22
       Rpst.: Falchion   |    15 |     1 |       |       |       |       |       |       ||    16
       Long sword        |       |     9 |     8 |       |     3 |       |       |       ||    20
       Scimitar          |       |       |       |       |       |    55 |    16 |       ||    71
       Demon blade       |       |       |       |       |       |       |   175 |    50 ||   225

Table legend:
 A = Spawn XP
 B = Non-spawn XP
 C = Spawn XP percentage of total XP
 D = Spawn monster count
 E = Non-spawn monster count
 F = Spawn count percentage of total count
 G = Total turns spent on level
                    A         B        C        D         E        F      G
               +---------+---------+-------+---------+---------+-------+---------
         Total |       0 |  558005 |   0.0 |       0 |    1546 |   0.0 | 44340
               +---------+---------+-------+---------+---------+-------+---------
           D:1 |       0 |      36 |   0.0 |       0 |      24 |   0.0 |   828
           D:2 |       0 |     298 |   0.0 |       0 |      17 |   0.0 |   612
           D:3 |       0 |     235 |   0.0 |       0 |      32 |   0.0 |   975
           D:4 |       0 |     431 |   0.0 |       0 |      24 |   0.0 |   718
           D:5 |       0 |     753 |   0.0 |       0 |      30 |   0.0 |   888
           D:6 |       0 |    1345 |   0.0 |       0 |      18 |   0.0 |   607
           D:7 |       0 |     926 |   0.0 |       0 |      14 |   0.0 |   745
           D:8 |       0 |    2566 |   0.0 |       0 |      25 |   0.0 |   559
           D:9 |       0 |    5074 |   0.0 |       0 |      38 |   0.0 |  1471
          D:10 |       0 |    1443 |   0.0 |       0 |      11 |   0.0 |   714
          D:11 |       0 |    6261 |   0.0 |       0 |      29 |   0.0 |  1378
          D:12 |       0 |    7673 |   0.0 |       0 |      43 |   0.0 |  1159
          D:13 |       0 |    5884 |   0.0 |       0 |      33 |   0.0 |   828
          D:14 |       0 |   12069 |   0.0 |       0 |      34 |   0.0 |  1026
          D:15 |       0 |   19910 |   0.0 |       0 |      49 |   0.0 |  1651
        Lair:1 |       0 |    6075 |   0.0 |       0 |      32 |   0.0 |  1099
        Lair:2 |       0 |    6548 |   0.0 |       0 |      31 |   0.0 |   885
        Lair:3 |       0 |    6213 |   0.0 |       0 |      21 |   0.0 |  1027
        Lair:4 |       0 |   11404 |   0.0 |       0 |      25 |   0.0 |  1091
        Lair:5 |       0 |    6801 |   0.0 |       0 |      14 |   0.0 |   945
        Lair:6 |       0 |   30601 |   0.0 |       0 |     101 |   0.0 |  2767
       Swamp:1 |       0 |   11852 |   0.0 |       0 |      33 |   0.0 |   825
       Swamp:2 |       0 |   12414 |   0.0 |       0 |      43 |   0.0 |   957
       Swamp:3 |       0 |   21567 |   0.0 |       0 |      52 |   0.0 |  1702
       Swamp:4 |       0 |   11285 |   0.0 |       0 |      29 |   0.0 |  1027
      Spider:1 |       0 |   24736 |   0.0 |       0 |      77 |   0.0 |  1155
      Spider:2 |       0 |   23047 |   0.0 |       0 |      61 |   0.0 |  1675
      Spider:3 |       0 |   19111 |   0.0 |       0 |      54 |   0.0 |  1181
      Spider:4 |       0 |   37277 |   0.0 |       0 |      76 |   0.0 |  1595
         Orc:1 |       0 |    3326 |   0.0 |       0 |      23 |   0.0 |   660
         Orc:2 |       0 |    9987 |   0.0 |       0 |      70 |   0.0 |  1736
      Vaults:1 |       0 |   62931 |   0.0 |       0 |      99 |   0.0 |  1755
      Vaults:2 |       0 |   59718 |   0.0 |       0 |      91 |   0.0 |  3683
      Vaults:3 |       0 |   84882 |   0.0 |       0 |     104 |   0.0 |  2149
      Vaults:4 |       0 |   31768 |   0.0 |       0 |      50 |   0.0 |  1224
           Lab |       0 |    1747 |   0.0 |       0 |       3 |   0.0 |   239
         IceCv |       0 |    9811 |   0.0 |       0 |      36 |   0.0 |   745
               +---------+---------+-------+---------+---------+-------+---------
